Map: Ascension to Aiur LE

Players

Cham - Winner!

  • Race: Zerg Zerg
  • Spawn Location: 5:00

Scarlett

  • Race: Protoss Protoss
  • Spawn Location: 11:00

Event: WCS Montreal 2017

VOD

Have the link to the VOD?

Description

Time

  • Played on: Sept. 8, 2017, 7:12 p.m.
  • Length: 11:53

All games in this series

Show
View Real Time Build Order
Export as new Build Order

Cham Zerg - Winner!

Build Orders: Hatch First 

Get SALT Encoding   

  12  0:00  Drone  
  13  0:10  Drone  
  14  0:16  Overlord  
  14  0:35  Drone  
  15  0:44  Hatchery  
  15  0:48  Drone  
  15  0:52  Drone  
  15  0:55  Drone  
  17  1:00  Drone  
  18  1:10  Extractor  
  17  1:15  Spawning Pool  
  17  1:17  Drone  
  17  1:53  Drone x3  
  20  2:02  Zergling x2  
  20  2:04  Queen  
  20  2:07  Zergling x2  
  24  2:10  Drone  
  24  2:15  Drone  
  26  2:21  Drone  
  27  2:31  Hatchery  
  27  2:36  Overlord  
  26  2:40  Drone  
  27  2:44  Overlord  
  27  2:52  Drone  
  27  2:53  Queen  
  27  2:54  Drone  
  27  2:57  Drone  
  32  3:02  Drone x2  
  34  3:08  Overlord  
  34  3:11  Drone  
  35  3:15  Drone  
  35  3:18  Drone x2  
  35  3:19  Drone  
  38  3:26  Queen  
  40  3:28  Overlord  
  40  3:32  Drone  
  41  3:39  Drone  
  42  3:41  Queen  
  42  3:43  Overlord  
  42  3:44  Drone  
  44  3:54  Drone x5  
  49  4:01  Overlord  
  49  4:02  Metabolic Boost  
  49  4:06  Drone  
  49  4:07  Drone  
  49  4:08  Spore Crawler  
  50  4:10  Spore Crawler  
  50  4:11  Drone x2  
  50  4:15  Spore Crawler  
  50  4:18  Drone  
  50  4:24  Drone x4  
  53  4:30  Extractor  
  54  4:32  Roach Warren  
  54  4:33  Extractor  
  54  4:34  Drone x3  
  54  4:35  Drone  
  57  4:39  Zergling x8  
  57  4:40  Zergling x4  
  64  4:47  Lair  
  64  4:48  Zergling x4  
  64  4:49  Zergling x4  
  64  4:50  Extractor  
  64  4:52  Zergling x2  
  69  4:53  Zergling x4  
  69  4:57  Zergling x4  
  74  5:00  Zergling x2  
  74  5:06  Zergling x2  
  75  5:07  Zergling x2  
  75  5:10  Zergling x6  
  75  5:11  Zergling x2  
  75  5:14  Overlord  
  80  5:16  Overlord, Hatchery  
  80  5:18  Overlord  
  80  5:20  Overlord  
  79  5:28  Overlord x2  
  76  5:36  Zergling x8  
  76  5:39  Zergling x8  
  76  5:40  Zergling x6  
  85  5:48  Hydralisk Den, Zergling x8  
  87  5:51  Extractor  
  87  5:53  Drone  
  87  5:54  Drone  
  85  6:01  Drone  
  85  6:02  Drone x2  
  82  6:07  Baneling Nest  
  82  6:08  Evolution Chamber  
  82  6:09  Drone  
  74  6:11  Drone x2  
  74  6:14  Extractor  
  74  6:17  Extractor  
  74  6:20  Drone x4  
  77  6:26  Hydralisk x4  
  77  6:31  Overlord  
  77  6:32  Overlord  
  81  6:35  Overlord  
  81  6:37  Hydralisk  
  80  6:46  Hydralisk  
  80  6:49  Hydralisk  
  80  6:50  Drone x2  
  80  6:51  Drone x2  
  80  6:53  Drone  
  83  6:58  Drone  
  83  6:59  Drone  
  86  7:01  Drone x3  
  86  7:04  Muscular Augments  
  88  7:08  Drone  
  88  7:13  Zerg Missile Weapons Level 1  
  89  7:15  Drone x2  
  89  7:16  Drone x5  
  89  7:19  Extractor  
  89  7:21  Hydralisk  
  89  7:22  Infestation Pit  
  95  7:24  Spore Crawler, Drone x2  
  95  7:27  Spore Crawler, Drone x2  
  95  7:28  Spore Crawler, Hydralisk x2  
  100  7:31  Spore Crawler  
  100  7:33  Spore Crawler, Hydralisk  
  100  7:34  Spore Crawler  
  99  7:37  Hydralisk  
  99  7:40  Spore Crawler, Hydralisk  
  99  7:42  Drone x4  
  106  7:46  Overlord  
  106  7:48  Centrifical Hooks  
  106  7:52  Drone x2  
  106  7:53  Drone x3  
  106  7:56  Hydralisk  
  113  7:59  Hydralisk x2  
  113  8:02  Zergling x4  
  113  8:03  Zergling x2  
  113  8:04  Zergling x2  
  121  8:05  Hydralisk  
  121  8:08  Hydralisk  
  121  8:09  Zergling x2  
  121  8:10  Zergling x2  
  127  8:13  Zergling x2  
  127  8:18  Zergling x2  
  127  8:19  Zergling x8  
  133  8:20  Baneling  
  133  8:21  Hydralisk, Baneling x3  
  133  8:22  Hydralisk  
  133  8:24  Baneling x3  
  137  8:27  Baneling  
  137  8:28  Baneling x2  
  137  8:30  Hydralisk  
  137  8:31  Overlord x2  
  137  8:34  Hydralisk  
  139  8:35  Zergling x2  
  139  8:37  Baneling x2  
  139  8:38  Baneling  
  139  8:40  Overlord x2  
  142  8:41  Hydralisk  
  142  8:45  Hydralisk  
  146  8:49  Hydralisk  
  146  8:50  Hydralisk  
  150  8:59  Hydralisk x3  
  156  9:03  Hydralisk  
  156  9:04  Zergling x14  
  156  9:05  Zergling x6  
  156  9:07  Hydralisk  
  169  9:10  Baneling x2  
  169  9:13  Hydralisk  
  169  9:14  Zergling x8  
  175  9:19  Hydralisk x2  
  175  9:20  Zergling x2  
  175  9:22  Hydralisk  
  177  9:26  Hydralisk  
  177  9:30  Hydralisk x2  
  139  9:31  Zergling x4  
  139  9:34  Hydralisk  
  139  9:35  Zergling x4  
  139  9:36  Zergling x8  
  142  9:39  Hydralisk x2  
  142  9:40  Zergling x4  
  148  9:47  Hydralisk x2  
  148  9:49  Hydralisk  
  148  9:50  Zergling x4  
  147  9:52  Zergling x2  
  147  9:53  Zergling x2  
  147  9:54  Hydralisk  
  147  9:55  Hatchery  
  147  9:57  Hydralisk  
  147  9:58  Zergling x2  
  149  10:06  Hydralisk  
  149  10:07  Hydralisk x2  
  146  10:09  Zergling x4  
  146  10:10  Hydralisk  
  146  10:11  Hydralisk  
  146  10:13  Hydralisk  
  158  10:14  Zergling x4  
  158  10:15  Zergling x2  
  158  10:16  Hydralisk  
  158  10:17  Zergling x6  
  158  10:19  Hydralisk  
  158  10:20  Zergling x2  
  168  10:26  Hydralisk  
  168  10:27  Hydralisk  
  168  10:28  Zergling x4  
  162  10:29  Zergling x2, Hydralisk  
  162  10:31  Hydralisk  
  167  10:37  Hydralisk  
  167  10:38  Hydralisk  
  137  10:58  Hydralisk x6  
  137  10:59  Hydralisk  
  139  11:08  Hydralisk x3  
  139  11:09  Zergling x8  
  139  11:10  Zergling x4  
  140  11:13  Hydralisk  
  140  11:14  Zergling x4  
  140  11:16  Hydralisk  
  140  11:17  Zergling x10  
  140  11:18  Zergling x2, Hydralisk  
  152  11:20  Hydralisk  
  152  11:21  Zergling x2  
  152  11:22  Zergling x2  
  160  11:25  Hydralisk  
  160  11:27  Zergling x2  
  160  11:29  Hydralisk  
  160  11:30  Zergling x2  
Show
View Real Time Build Order
Export as new Build Order

Scarlett Protoss 

Build Orders: Cannon Rush, Oracle Opening 

Get SALT Encoding   

  12  0:00  Probe (Chrono Boost)  
  13  0:11  Probe (Chrono Boost)  
  14  0:17  Pylon  
  14  0:22  Probe (Chrono Boost)  
  15  0:35  Probe (Chrono Boost)  
  16  0:38  Forge  
  16  0:46  Probe (Chrono Boost)  
  17  0:56  Pylon  
  17  0:58  Probe (Chrono Boost)  
  18  1:10  Probe (Chrono Boost)  
  19  1:14  Photon Cannon  
  19  1:17  Photon Cannon  
  19  1:27  Pylon  
  19  1:34  Photon Cannon  
  19  1:46  Nexus, Gateway  
  19  1:51  Assimilator  
  19  1:53  Probe (Chrono Boost)  
  19  1:56  Assimilator  
  19  2:03  Probe (Chrono Boost)  
  20  2:14  Probe (Chrono Boost)  
  21  2:17  Pylon  
  21  2:24  Probe (Chrono Boost)  
  22  2:33  Cybernetics Core  
  22  2:35  Probe (Chrono Boost), Photon Cannon  
  23  2:45  Probe (Chrono Boost)  
  24  2:56  Probe (Chrono Boost)  
  24  2:58  Probe (Chrono Boost)  
  26  3:06  Probe (Chrono Boost)  
  26  3:08  Probe (Chrono Boost)  
  26  3:09  Adept (Chrono Boost)  
  30  3:15  Stargate, Probe  
  30  3:19  Probe  
  32  3:26  Probe  
  32  3:31  Probe, Warp Gate  
  34  3:36  Probe  
  35  3:44  Probe (Chrono Boost)  
  35  3:47  Probe (Chrono Boost)  
  36  3:54  Nexus  
  36  3:55  Probe (Chrono Boost)  
  37  3:58  Oracle (Chrono Boost)  
  37  4:00  Probe  
  42  4:04  Probe  
  42  4:05  Pylon  
  43  4:12  Probe  
  43  4:14  Adept  
  46  4:17  Assimilator  
  46  4:21  Probe  
  48  4:24  Probe  
  48  4:29  Assimilator  
  48  4:30  Void Ray (Chrono Boost)  
  52  4:32  Mothership Core, Pylon  
  54  4:47  Pylon  
  54  4:50  Probe  
  54  4:52  Probe  
  56  5:02  Probe  
  56  5:03  Probe, Stargate x2  
  56  5:05  Probe  
  59  5:09  Adept  
  59  5:13  Probe  
  61  5:14  Probe  
  61  5:15  Probe  
  61  5:18  Pylon  
  64  5:24  Probe, Forge  
  64  5:26  Probe x2, Oracle (Chrono Boost)  
  70  5:34  Probe  
  70  5:36  Probe  
  70  5:38  Probe  
  73  5:46  Probe  
  73  5:47  Probe  
  70  5:51  Probe  
  70  5:52  Adept  
  74  5:57  Oracle (Chrono Boost)  
  74  5:58  Probe  
  74  5:59  Probe  
  74  6:00  Oracle (Chrono Boost)  
  74  6:03  Probe  
  78  6:05  Pylon  
  78  6:10  Probe x2  
  81  6:12  Oracle (Chrono Boost)  
  81  6:13  Assimilator  
  81  6:14  Twilight Council  
  81  6:15  Probe  
  84  6:21  Probe  
  84  6:22  Probe  
  86  6:27  Adept  
  86  6:31  Probe  
  88  6:38  Probe x2  
  84  6:45  Photon Cannon, Oracle (Chrono Boost)  
  87  6:47  Probe  
  87  6:48  Probe  
  87  6:49  Probe  
  88  6:59  Probe x2  
  88  7:00  Probe  
  90  7:02  Charge (Chrono Boost)  
  90  7:08  Assimilator  
  91  7:09  Probe  
  91  7:11  Probe, Pylon  
  91  7:14  Pylon  
  93  7:17  Pylon  
  93  7:18  Gateway  
  93  7:21  Gateway  
  93  7:27  Probe x2  
  93  7:29  Probe  
  99  7:33  Oracle (Chrono Boost)  
  105  7:38  Probe x2, Oracle x2 (Chrono Boost)  
  105  7:41  Probe  
  108  7:45  Protoss Ground Weapons Level 1 (Chrono Boost)  
  108  7:50  Probe x2  
  110  7:53  Zealot  
  110  7:56  Gateway x2  
  112  7:58  Gateway  
  112  8:05  Oracle (Chrono Boost)  
  115  8:10  Protoss Ground Armor Level 1 (Chrono Boost)  
  115  8:12  Nexus  
  115  8:16  Robotics Facility  
  115  8:18  Oracle  
  114  8:23  Oracle, Pylon  
  114  8:26  Pylon  
  117  8:30  Pylon  
  117  8:31  Pylon  
  117  8:33  Pylon  
  117  8:41  Stargate, Probe x3, Oracle (Chrono Boost)  
  123  8:45  Assimilator  
  123  8:49  Photon Cannon  
  123  8:53  Probe x2  
  123  8:54  Oracle (Chrono Boost)  
  128  8:58  Zealot x3  
  134  9:04  Oracle (Chrono Boost)  
  135  9:14  Zealot x2  
  135  9:16  Oracle (Chrono Boost)  
  132  9:27  Oracle (Chrono Boost)  
  132  9:28  Zealot x3  
  132  9:29  Zealot  
  132  9:30  Oracle (Chrono Boost)  
  101  9:33  Probe x3  
  101  9:39  Pylon  
  101  9:45  Probe, Oracle (Chrono Boost)  
  100  9:49  Probe x2  
  100  9:57  Probe  
  100  9:59  Oracle (Chrono Boost)  
  104  10:01  Probe x2  
  104  10:03  Zealot  
  108  10:09  Probe  
  108  10:12  Oracle (Chrono Boost)  
  108  10:13  Probe x2  
  114  10:16  Photon Cannon  
  114  10:21  Probe  
  114  10:24  Zealot x2  
  114  10:25  Probe  
  114  10:26  Probe  
  124  10:28  Oracle (Chrono Boost)  
  124  10:33  Probe  
  125  10:36  Oracle (Chrono Boost)  
  125  10:38  Probe  
  125  10:39  Pylon  
  127  10:44  Zealot x2  
  123  10:51  Zealot x2  
  123  10:57  Oracle (Chrono Boost)  
  112  10:58  Zealot  
  112  11:03  Probe x2, Zealot  
  97  11:09  Oracle (Chrono Boost)  
  97  11:10  Zealot  
  97  11:11  Zealot  
  91  11:13  Mothership Core  
  91  11:16  Zealot  
  91  11:20  Oracle (Chrono Boost)  
  97  11:28  Pylon  
  97  11:29  Pylon  
  97  11:37  Zealot  
  97  11:38  Zealot  
  100  11:49  Zealot x2  
Tags
 
Add a new tag
Caveats
  • Supply blocks, unpowered buildings, or Contaminate may cause inaccurate times.
  • Supply counts are checked every 10 seconds.